Map: 킹스 코브 - 래더

Players

Awers

  • Race: Terran Terran
  • League: Grandmaster
  • Spawn Location: 11:00

soO - Winner!

  • Race: Zerg Zerg
  • League: Master
  • Spawn Location: 5:00

Event: 2019 Assembly Summer

VOD

Have the link to the VOD?

Description

Time

  • Played on: Aug. 1, 2019, 5:07 a.m.
  • Length: 6:41

All games in this series

Show
View Real Time Build Order
Export as new Build Order

Awers Terran 

Build Orders: Reaper Expand 

Get SALT Encoding   

  12  0:00  SCV  
  13  0:13  SCV  
  14  0:18  Supply Depot  
  14  0:25  SCV  
  15  0:40  SCV  
  15  0:41  Barracks  
  16  0:44  Refinery  
  16  0:52  SCV  
  17  1:04  SCV  
  18  1:16  SCV  
  19  1:29  Reaper, Orbital Command  
  20  1:43  Command Center  
  20  1:51  Supply Depot  
  20  1:55  SCV  
  20  2:00  Marine  
  22  2:10  SCV  
  22  2:15  Factory  
  23  2:22  Barracks Reactor  
  23  2:24  SCV  
  24  2:36  SCV  
  25  2:45  Command Center  
  25  2:48  SCV  
  26  2:55  Orbital Command  
  26  3:04  Starport  
  26  3:06  SCV  
  27  3:16  Hellion  
  27  3:19  SCV  
  32  3:20  Hellion  
  32  3:26  SCV  
  33  3:31  SCV  
  33  3:33  Refinery, Barracks Tech Lab  
  34  3:38  SCV  
  35  3:43  SCV  
  35  3:44  Hellion x2  
  40  3:50  SCV  
  40  3:55  SCV  
  42  3:56  Fusion Core  
  42  4:00  Orbital Command  
  42  4:02  SCV  
  43  4:03  Starport Tech Lab  
  43  4:07  SCV  
  44  4:14  Refinery, SCV  
  44  4:15  Refinery  
  45  4:19  SCV  
  46  4:26  SCV  
  46  4:30  Orbital Command  
  46  4:31  SCV  
  46  4:33  Hellion  
  46  4:34  Hellion  
  46  4:37  Supply Depot  
  51  4:38  SCV  
  51  4:42  Supply Depot  
  51  4:43  SCV  
  53  4:50  Battlecruiser  
  53  4:51  SCV  
  60  4:55  SCV  
  60  4:59  SCV  
  62  5:01  Hellion x2  
  62  5:03  SCV  
  67  5:08  SCV  
  67  5:09  Armory x2  
  67  5:11  SCV  
  69  5:15  SCV  
  69  5:19  Supply Depot  
  69  5:20  SCV  
  71  5:21  Supply Depot  
  71  5:23  Barracks Tech Lab  
  71  5:24  SCV  
  71  5:25  Factory  
  71  5:27  SCV  
  73  5:30  Hellion x2  
  77  5:40  SCV  
  72  5:44  Factory  
  62  5:56  SCV  
  57  5:58  Hellion x2  
  60  6:10  Hellion  
  62  6:17  SCV  
  62  6:18  SCV  
  60  6:29  SCV  
Show
View Real Time Build Order
Export as new Build Order

soO Zerg - Winner!

Build Orders: Hatch First 

Get SALT Encoding   

  12  0:00  Drone  
  13  0:13  Overlord  
  13  0:18  Drone  
  14  0:31  Drone x2  
  16  0:49  Hatchery  
  15  0:52  Drone  
  15  0:56  Drone  
  17  0:59  Drone  
  18  1:10  Extractor  
  17  1:15  Spawning Pool  
  16  1:19  Drone  
  16  1:22  Drone  
  18  1:29  Drone  
  19  1:39  Drone  
  20  1:49  Overlord  
  20  2:01  Queen  
  20  2:02  Zergling x2  
  20  2:03  Queen, Zergling x2  
  26  2:14  Metabolic Boost  
  26  2:16  Drone x2  
  28  2:25  Drone x2  
  30  2:34  Overlord  
  30  2:37  Drone  
  30  2:39  Queen  
  33  2:47  Drone  
  33  2:50  Drone  
  35  2:54  Drone  
  35  2:55  Drone  
  37  3:05  Drone x2  
  39  3:13  Drone x2  
  39  3:15  Drone, Queen  
  39  3:19  Overlord  
  44  3:30  Hatchery  
  44  3:34  Drone  
  44  3:38  Drone  
  44  3:39  Drone x2  
  47  3:41  Drone x2  
  47  3:43  Drone  
  47  3:47  Lair  
  50  3:50  Drone  
  50  3:51  Overlord  
  51  3:56  Drone  
  51  3:58  Extractor  
  51  4:01  Overlord  
  51  4:03  Drone  
  51  4:09  Queen  
  54  4:10  Zergling x4  
  54  4:16  Drone x2  
  58  4:21  Drone x2  
  58  4:22  Drone  
  61  4:24  Drone  
  61  4:25  Drone  
  61  4:26  Overlord  
  61  4:30  Drone  
  64  4:37  Zergling x2  
  65  4:41  Drone  
  65  4:42  Queen  
  65  4:45  Queen, Zergling x2  
  69  4:47  Drone  
  69  4:49  Nydus Network  
  71  4:53  Spore Crawler  
  71  4:54  Zergling x6  
  71  4:55  Overseer  
  71  4:59  Queen  
  74  5:02  Overlord  
  74  5:08  Zergling x14  
  74  5:11  Spore Crawler  
  80  5:17  Zergling x2  
  80  5:18  Overlord  
  80  5:19  Overlord  
  80  5:20  Queen  
  83  5:25  Nydus Canal  
  83  5:26  Zergling x2  
  83  5:27  Zergling x4  
  86  5:36  Overlord  
  86  5:38  Zergling x4  
  86  5:39  Zergling x10  
  86  5:42  Queen x2  
  96  5:45  Nydus Canal  
  96  5:46  Zergling x2  
  93  5:52  Spore Crawler  
  93  5:55  Zergling x12  
  94  5:59  Queen  
  94  6:01  Zergling x4  
  96  6:09  Drone  
  97  6:12  Drone x2  
  97  6:16  Drone  
  97  6:17  Nydus Canal  
  100  6:22  Drone x2  
  102  6:26  Spore Crawler  
  102  6:27  Drone  
  105  6:33  Spore Crawler, Spire  
Tags
 
Add a new tag
Caveats
  • Supply blocks, unpowered buildings, or Contaminate may cause inaccurate times.
  • Supply counts are checked every 10 seconds.